 Dungeon Crawl Stone Soup version 0.25-a0-667-gb977e01cb5 (webtiles) character file.

Game seed: 11966992097630036427, levelgen mode: deterministic

119 Esekla the Skirmisher (level 4, -6/44 HPs)
             Began as a Deep Dwarf Abyssal Knight on Mar 28, 2020.
             Was a Follower of Lugonu.
             Killed by nerve-wracking pain
             ... invoked by Grinder
              (8 damage)
             ... on level 3 of the Dungeon.
             The game lasted 00:13:40 (1829 turns).

Esekla the Skirmisher (Deep Dwarf Abyssal Knight)   Turns: 1829, Time: 00:13:40

Health: -6/44      AC:  4    Str: 17    XL:     4   Next: 74%
Magic:  4/4        EV: 12    Int: 12    God:    Lugonu [*.....]
Gold:   171        SH:  0    Dex: 12    Spells: 3/3 levels left

rFire    . . .     SeeInvis .   a - +1 spear
rCold    . . .     Gourm    .   (no shield)
rNeg     . . .     Faith    .   e - +1 leather armour {rPois}
rPois    +         Spirit   .   (no helmet)
rElec    .         Reflect  .   (no cloak)
rCorr    .         Harm     .   (no gloves)
MR       .....                  (no boots)
Stlth    +.........             (no amulet)
HPRegen  0.00/turn              (no ring)
MPRegen  0.09/turn              (no ring)

@: non-regenerating
A: damage resistance, heal wounds, sense surroundings 1, no regeneration
a: Heal Wounds, Depart the Abyss, Renounce Religion


You were on level 3 of the Dungeon.
You worshipped Lugonu.
Lugonu was aware of your devotion.
You were not hungry.

You visited 1 branch of the dungeon, and saw 3 of its levels.
You visited the Abyss 1 time.

You collected 171 gold pieces.

Inventory:

Hand Weapons
 a - a +1 spear (weapon)
Missiles
 f - 28 poisoned darts
 t - 4 boomerangs (quivered)
Armour
 e - a +1 leather armour of poison resistance (worn)
Jewellery
 i - an uncursed ring of fire
Scrolls
 b - a scroll of teleportation
 g - a scroll of remove curse {unknown}
 j - 2 scrolls of magic mapping {unknown}
 l - a scroll of random uselessness {unknown}
 m - a scroll of amnesia {unknown}
 o - a scroll of fear {unknown}
 r - a scroll of identify {unknown}
Potions
 h - 2 potions of haste {unknown}
 k - 2 potions of might {unknown}
 n - a potion of brilliance {unknown}
 p - 4 potions of curing {unknown}
 q - a potion of lignification {unknown}
Miscellaneous
 d - a lightning rod (4/4)
Comestibles
 c - 9 rations
 s - a chunk of flesh


   Skills:
 * Level 3.7 Fighting
 + Level 3.0 Polearms
 + Level 0.4 Throwing
 + Level 2.5 Armour
 + Level 2.0 Dodging
 + Level 0.1 Stealth
 + Level 2.5 Invocations


You had 3 spell levels left.
You didn't know any spells.
Your spell library was empty.

Dungeon Overview and Level Annotations

Branches:
Dungeon (3/15)

Altars:
Uskayaw

Annotations:
D:3 Grinder


Innate Abilities, Weirdness & Mutations

You are resistant to damage.
You can heal yourself by infusing magical energy.
You passively map a small area around you.
You do not regenerate.


Message History

* * * LOW HITPOINT WARNING * * *
You hit Grinder but do no damage.
Grinder is almost dead.
Grinder hits you!
* * * LOW HITPOINT WARNING * * *
You feel much better. Grinder hits you!
You writhe in agony.
You hit Grinder but do no damage.
Grinder is almost dead.
Grinder hits you!
* * * LOW HITPOINT WARNING * * *
You writhe in agony.
You hit Grinder.
Grinder is almost dead.
Grinder hits you!
* * * LOW HITPOINT WARNING * * *
You writhe in agony.
You fail to use your ability.
Grinder gestures at you. Pain shoots through your body!
You die...

#####...+.......,....#
#.....#.#...######...#*
#.....#.#####....#...#
####.....#.#####.##.#...#
##<...............##.#...##
...........#########.#.....
...........#<........))....
?........5.#..######.#.....
.......###@#..# #†####.# *
....... #)#..# #.# #
....... #.#..# #.# .......
#.#########.# , .......
#...........# .......
############# ....(.. , ,


You could see Grinder.

Vanquished Creatures
  A bullfrog zombie (D:3)
  3 adders (D:2)
  An ooze (D:1)
  A worm (D:2)
  3 dart slugs
  4 orcs (D:3)
  7 goblins
  6 hobgoblins
  A ball python (D:1)
  3 bats
  4 frilled lizards
  6 kobolds
  5 rats
45 creatures vanquished.

Notes
Turn   | Place    | Note
-------+----------+-------------------------------------------
     0 | Abyss:1  | Esekla the Deep Dwarf Abyssal Knight began the quest for
                  | the Orb.
     0 | Abyss:1  | Reached XP level 1. HP: 20/20 MP: 2/2
    26 | Abyss:2  | Noticed an iron imp
    40 | Abyss:2  | Noticed a wretched star
    42 | D:1      | Escaped the Abyss
   109 | D:1      | You fall into a shaft and drop 1 floor!
   404 | D:1      | Reached XP level 2. HP: 14/28 MP: 3/3
   554 | D:1      | Reached * piety under Lugonu
   837 | D:2      | Reached XP level 3. HP: 32/34 MP: 4/4
   941 | D:2      | Found a hide-covered altar of Uskayaw.
  1123 | D:2      | Reached XP level 4. HP: 30/42 MP: 5/5
  1652 | D:3      | Found a faded altar of an unknown god.
  1772 | D:3      | Noticed Grinder
  1772 | D:3      | Paralysed by Grinder for 5 turns
  1804 | D:3      | Paralysed by Grinder for 5 turns
  1821 | D:3      | Paralysed by Grinder for 3 turns
  1825 | D:3      | HP: 2/44 [Grinder (9)]
  1829 | D:3      | Killed from afar by Grinder

Levels and vault maps discovered:
D:1:      minmay_arrival_floating_metal, layout_basic, roderic_nine_men_s_morris
D:2:      layout_basic, eat_drink_and_be_merry_uskayaw
D:3:      layout_basic, chequers_ecumenical_altar_grove, uniq_natasha,
          uniq_grinder

Skill      XL: |  1  2  3  4 |
---------------+-------------+-----
Fighting       | 3 |  3.7
Polearms       | 2 3 |  3.0
Dodging        | 2 |  2.0
Throwing       | |  0.4
Armour         | |  2.5
Stealth        | |  0.1
Invocations    | |  2.5

Action                   |  1- 3 |  4- 6 || total
-------------------------+-------+-------++-------
Melee: Spear             |   114 |    67 ||   181
Throw: Dart              |     9 |     2 ||    11
       Boomerang         |       |     1 ||     1
Invok: Depart the Abyss  |     1 |       ||     1
 Abil: Heal Wounds       |     1 |     4 ||     5
  Use: Scroll            |     1 |       ||     1
  Eat: Chunk             |     1 |     2 ||     3
Armor: Leather armour    |    26 |     7 ||    33
Dodge: Dodged            |    56 |    26 ||    82

Table legend:
 A = Non-vault XP
 B = Vault XP
 C = Vault XP percentage of total XP
 D = Non-vault monster count
 E = Vault monster count
 F = Vault count percentage of total count
                 A         B        C        D         E       F
            +---------+---------+-------+---------+---------+-------
      Total |     171 |       0 |   0.0 |      45 |       0 |   0.0
            +---------+---------+-------+---------+---------+-------
        D:1 |      30 |       0 |   0.0 |      15 |       0 |   0.0
        D:2 |      75 |       0 |   0.0 |      21 |       0 |   0.0
        D:3 |      66 |       0 |   0.0 |       9 |       0 |   0.0
            +---------+---------+-------+---------+---------+-------
